 Dungeon Crawl Stone Soup version 0.21.1-1-g345015f (webtiles) character file.

55 tester123 the Ducker (level 3, -1/17 HPs)
             Began as a Felid Monk on July 25, 2018.
             Slain by a worker ant (4 damage)
             ... on level 3 of the Dungeon.
             The game lasted 00:05:56 (2074 turns).

tester123 the Ducker (Felid Monk)                   Turns: 2074, Time: 00:05:56

Health: -1/17      AC:  1    Str:  8    XL:     3   Next: 67%
Magic:  4/4        EV: 20    Int: 11    God:
Gold:   103        SH:  0    Dex: 18    Spells: 2/2 levels left
                                        Lives:  0   Deaths: 0

rFire    . . .     SeeInvis +     - Unarmed
rCold    . . .     Gourm    .   (shield unavailable)
rNeg     . . .     Faith    .   (armour unavailable)
rPois    .         Spirit   .   (helmet unavailable)
rElec    .         Reflect  .   (cloak unavailable)
rCorr    .         Harm     .   (gloves unavailable)
MR       .....                  (boots unavailable)
Stlth    +++.......             (no amulet)
HPRegen  0.05/turn              (no ring)
MPRegen  0.09/turn              (no ring)

@: quick
A: very small, no armour, no weapons or thrown items, stealth, claws 1, fangs 3,
see invisible, carnivore, speed 1, shaggy fur 1, slow metabolism 1, sharp paws
a: no special abilities


You were on level 3 of the Dungeon.
You were very full.

You visited 1 branch of the dungeon, and saw 3 of its levels.

You collected 103 gold pieces.

Inventory:

Jewellery
 c - an uncursed ring of ice {unknown}
Scrolls
 b - a scroll of enchant armour {unknown}
 d - a scroll of enchant weapon {unknown}
 e - 2 scrolls of identify {unknown}
 f - 2 scrolls of teleportation {unknown}
 g - 3 scrolls of immolation {unknown}
 j - a scroll of remove curse {unknown}
Potions
 h - a potion of lignification {unknown}
 i - 2 potions of brilliance {unknown}
 k - a potion of flight {unknown}
Comestibles
 a - 2 rations


   Skills:
 + Level 3.5 Fighting
 + Level 4.6 Dodging
 + Level 3.7 Stealth
 + Level 3.4 Unarmed Combat


You had 2 spell levels left.
You didn't know any spells.

Dungeon Overview and Level Annotations

Branches:
Dungeon (3/15)

Altars:


Innate Abilities, Weirdness & Mutations

You cannot wear armour.
You are incapable of wielding weapons or throwing items.
Your paws allow you to move quietly. (Stealth)
You have sharp claws.
You have razor-sharp teeth.
You have supernaturally acute eyesight. (SInv)
You are carnivorous and can eat meat at any time.
You cover ground quickly.
You are covered in fur. (AC +1)
You have a slow metabolism.
Your sharp claws are effective at attacking unaware monsters.


Message History

A worker ant comes into view.
The worker ant twitches its antennae in your direction.
Found 7 tomahawks, a whip and a black potion.
Found a stone staircase leading up.
There is a stone staircase leading up here.
The worker ant misses you.
You scratch the worker ant.
The worker ant is lightly wounded.
The worker ant completely misses you. The worker ant closely misses you.
You scratch the worker ant.
The worker ant is moderately wounded.
The worker ant bites you.
You closely miss the worker ant.
The worker ant is moderately wounded.
The worker ant bites you!
* * * LOW HITPOINT WARNING * * *
You are too injured to fight recklessly!
There is a stone staircase leading up here.
The worker ant bites you.
You die...

...... #####
..... #.... ....
#.... ... ###....
.. #...... (# #
#.#....###.##....
#.......a@....#
#..#######....#
...<# ..)....
....... ####!..
... ..


You could see a worker ant.

Vanquished Creatures
  An adder (D:2)
  2 oozes (D:1)
  A worm (D:2)
  A dart slug (D:1)
  A leopard gecko (D:1)
  3 hobgoblins (D:1)
  4 jackals (D:1)
  6 kobolds
  2 bats
  A frilled lizard (D:1)
  6 goblins
  3 rats
31 creatures vanquished.

Notes
Turn   | Place    | Note
-------+----------+-------------------------------------------
     0 | D:1      | tester123 the Felid Monk began the quest for the Orb.
     0 | D:1      | Reached XP level 1. HP: 10/10 MP: 2/2
   157 | D:1      | Reached XP level 2. HP: 14/14 MP: 3/3
   494 | D:1      | Reached XP level 3. HP: 2/17 MP: 4/4
  1878 | D:2      | Found a faded altar of an unknown god.
  2074 | D:3      | Slain by a worker ant

Skill      XL: |  1 |
---------------+----+-----
Stealth        | 3 |  3.7
Fighting       | |  3.5
Dodging        | |  4.6
Unarmed Combat | |  3.4

Action                   || total
-------------------------++-------
Melee: Unarmed           ||    91
       Bite              ||    10
 Stab: Sleeping          ||     5
  Eat: Chunk             ||     9
Armor: Skin              ||     1
Dodge: Dodged            ||    55
